 Dungeon Crawl Stone Soup version 0.31-a0-1074-g0b22e4e0f1 (webtiles) character file.

Game seed: 8877730922594716842

133 croobank the Changeling (level 5, -6/34 HPs)
             Began as an Octopode Shapeshifter on Dec 7, 2023.
             Was an Initiate of Gozag.
             Mangled by a kobold brigand
             ... wielding a +1 dagger of speed
              (9 damage)
             ... on level 3 of the Dungeon.
             The game lasted 00:03:25 (1637 turns).

croobank the Changeling (Octopode Shapeshifter)     Turns: 1637, Time: 00:03:26

Health: -6/34      AC:  1    Str: 13    XL:     5   Next: 16%
Magic:  5/5        EV: 13    Int: 15    God:    Gozag
Gold:   239        SH:  0    Dex: 11    Spells: 4/4 levels left

rFire   . .          .
                       - Unarmed
rCold   . . .        (no shield)
rNeg    . . .        (helmet currently unavailable)
rPois   .            (no amulet)
rElec   .            (no ring)
rCorr   .            (no ring)
SInv    .            (no ring)
Will    .....        (no ring)
Stlth   ++           (no ring)
HPRegen 0.25/turn    (no ring)
MPRegen 0.09/turn    (no ring)
                     (no ring)

%: no passive effects
@: beast-form
A: beast (slay +2), almost no armour, amphibious, 8 rings, camouflage 1,
gelatinous body 1, (nimble swimmer 1), tentacles
a: Begin Untransformation, Renounce Religion, Potion Petition, Call Merchant,
Bribe Branch


You were on level 3 of the Dungeon.
You worshipped Gozag.
Gozag was aware of your devotion.
You were a hulking beast.
You visited 1 branch of the dungeon, and saw 3 of its levels.

You collected 262 gold pieces.
You paid 23 gold pieces to Gozag.

Inventory:

Hand Weapons
 d - a +0 sling
 j - a +0 rapier
 n - a +0 war axe
Missiles
 m - 3 boomerangs
Jewellery
 f - a ring of protection from cold
Talismans
 b - a beast talisman
 c - a flux talisman
Wands
 p - a wand of mindburst (11)
Scrolls
 e - 4 scrolls of identify {unknown}
 g - a scroll of poison {unknown}
 h - a scroll of fear {unknown}
 k - 2 scrolls of teleportation {unknown}
 l - a scroll of revelation {unknown}
 o - a scroll of immolation {unknown}
Potions
 a - a potion of lignification
 i - a potion of mutation {unknown}


   Skills:
 + Level 2.2 Fighting
 + Level 2.9 Dodging
 + Level 3.7 Unarmed Combat
 * Level 4.0 Shapeshifting


You had 4 spell levels left.
You didn't know any spells.
Your spell library contained the following spells:

 Spells                   Type           Power      Damage    Failure   Level
 Ignite Poison            Fire/Tmut/Pois 0%         N/A       63%         3
 Sticky Flame             Conj/Fire      0%         2d3       95%         4
 Ignition                 Fire           0%         3d3       100%        8


Dungeon Overview and Level Annotations

Branches:
Dungeon (3/15)

Altars:
Gozag

Shops:
D:1 [


Innate Abilities, Weirdness & Mutations

You are a hulking beast.
Your limbs bulge with bestial killing power. (Slay +2)
You cannot wear most types of armour.
You are amphibious.
You can wear up to eight rings at the same time.
Your skin changes colour to match your surroundings (Stealth+).
Your rubbery body absorbs attacks. (AC +1, EV +1)
((You are camouflaged when in or above water. (Stealth+)))
You have tentacles for arms and can constrict up to eight enemies at once.


Message History

You barely miss the kobold.
The kobold is severely wounded.
You constrict the kobold.
You kill the kobold!
You now have 219 gold pieces (gained 5).
You see here a +0 club.
You now have 239 gold pieces (gained 20).
Items here: )))).
You start resting.
A kobold brigand comes into view.
It is wielding a +1 dagger of speed and quivering poisoned darts.
The kobold brigand misses you.
You tentacle-slap the kobold brigand. Your grab misses the kobold brigand.
The kobold brigand is lightly wounded.
The kobold brigand hits you with a +1 dagger of speed!
You tentacle-slap the kobold brigand but do no damage.
Your grab misses the kobold brigand.
The kobold brigand is lightly wounded.
The kobold brigand closely misses you.
The kobold brigand hits you with a +1 dagger of speed.
You tentacle-slap the kobold brigand but do no damage.
Your grab misses the kobold brigand.
Your tentacle-slap misses the kobold brigand.
The kobold brigand is lightly wounded.
The kobold brigand hits you with a +1 dagger of speed!
* * * LOW HITPOINT WARNING * * *
Aiming: Mindburst
Press: ? - help, Shift-Dir - straight line, f - kobold brigand
Aim: a kobold brigand, wielding a +1 dagger of speed and quivering poisoned darts (lightly wounded, chance to affect: 64%)
The kobold brigand struggles to resist.
The kobold shouts!
The kobold brigand closely misses you.
The kobold brigand hits you with a +1 dagger of speed.
* * * LOW HITPOINT WARNING * * *
Aiming: Mindburst
Press: ? - help, Shift-Dir - straight line, f/p - kobold brigand
Aim: a kobold brigand, wielding a +1 dagger of speed and quivering poisoned darts (lightly wounded, chance to affect: 64%)
The kobold brigand's mind is blasted!
The kobold brigand hits you with a +1 dagger of speed!
You die...
Your body crumbles into a pile of gold.

.................
########..###..###
..######..# #.#
#.........# #.###
########.#####...#######
#................
#########.####### ######
#)### ##.....###h..##
....K.$$.K)...#
..#####........#
#####......# .......
......# ....>.# ###...#
####


You could see a kobold brigand and a kobold.

Vanquished Creatures
  4 gnolls
  4 adders (D:2)
  2 worms (D:2)
  2 dart slugs
  3 orcs (D:2)
  4 ball pythons
  A bat (D:1)
  3 endoplasms
  2 giant cockroaches (D:2)
  2 goblins (D:1)
  4 hobgoblins
  2 jackals (D:2)
  A quokka (D:2)
  4 frilled lizards
  8 kobolds
  2 rats
48 creatures vanquished.

Notes
Turn   | Place    | Note
-------+----------+-------------------------------------------
     0 | D:1      | croobank the Octopode Shapeshifter began the quest for the
                  | Orb.
     0 | D:1      | Reached XP level 1. HP: 13/13 MP: 1/1
    89 | D:1      | Found Giar's Antique Armour Boutique.
   232 | D:1      | Reached XP level 2. HP: 10/18 MP: 2/2
   566 | D:2      | Reached XP level 3. HP: 14/23 MP: 3/3
   704 | D:2      | Found an opulent altar of Gozag.
   736 | D:2      | Became a worshipper of Gozag Ym Sagoz the Greedy
   808 | D:2      | Reached XP level 4. HP: 29/29 MP: 4/4
  1392 | D:3      | HP: 1/29 [gnoll/+0 spear (6)]
  1395 | D:3      | Reached skill level 4 in Shapeshifting
  1395 | D:3      | Reached XP level 5. HP: 9/34 MP: 5/5
  1631 | D:3      | Noticed a kobold brigand
  1637 | D:3      | Mangled by a kobold brigand

Illustrated notes

Levels and vault maps discovered:
D:1:      minmay_arrival_open_corners, layout_basic, serial_shops,
          nicolae_shop_real_fake_doors
D:2:      layout_rooms, basic_altar, minmay_unequal
D:3:      cheibrodos_thug_alley, layout_basic, fedhas_altar_2

Skill      XL: |  1  2  3  4 |
---------------+-------------+-----
Fighting       | 2 |  2.2
Shapeshifting  | 4 |  4.0
Dodging        | |  2.9
Unarmed Combat | |  3.7

Action                     |  1- 3 |  4- 6 || total
---------------------------+-------+-------++-------
  Melee: Unarmed           |    50 |    46 ||    96
         Constrict         |    14 |    13 ||    27
         Tentacles         |    10 |    10 ||    20
         Punch             |     1 |     1 ||     2
  Evoke: Wand              |       |     2 ||     2
    Use: Potion            |       |     1 ||     1
   Stab: Sleeping          |     6 |       ||     6
 Armour: Skin              |    16 |    29 ||    45
  Dodge: Dodged            |    24 |    20 ||    44

Table legend: (Time is in decaauts)
 A = Elapsed time spent in this place.
 B = Non-inter-level travel time spent in this place.
 C = Inter-level travel time spent in this place.
 D = Time resting spent in this place.
 E = Time spent auto-exploring this place.
 F = Levels seen in this place.
 G = Mean time per level.
                   A        B        C        D        E       F      G
               +--------+--------+--------+--------+--------+-----+--------+
         Total |   1633 |   1604 |     29 |    397 |    794 |   3 |  544.3 |
       Dungeon |   1633 |   1604 |     29 |    397 |    794 |   3 |  544.3 |
               +--------+--------+--------+--------+--------+-----+--------+

Top non-repeatable levels by time:
     D:2: 820 daAuts
     D:1: 545 daAuts
     D:3: 266 daAuts
